 Dungeon Crawl Stone Soup version 0.20.1-1-g8b1a95d (webtiles) character file.

171 Gargoyl the Skirmisher (level 5, -1/47 HPs)
             Began as a Minotaur Abyssal Knight on Oct 9, 2017.
             Was a Believer of Lugonu.
             Slain by Duvessa
             ... wielding a +0 short sword of venom
              (10 damage)
             ... on level 4 of the Dungeon on Oct 10, 2017.
             The game lasted 00:05:13 (2680 turns).

Gargoyl the Skirmisher (Minotaur Abyssal Knight)    Turns: 2680, Time: 00:05:13

Health: -1/47      AC: 11    Str: 17    XL:     5   Next: 26%
Magic:  5/6        EV:  6    Int:  9    God:    Lugonu [**....]
Gold:   142        SH:  3    Dex: 10    Spells: 4/4 levels left

rFire    . . .     SeeInvis .   f - +3 war axe (chop)
rCold    . . .     Gourm    .   h - +0 buckler
rNeg     . . .     Faith    .   i - +0 chain mail
rPois    .         Spirit   .   d - +1 hat
rElec    .         Reflect  .   (no cloak)
rCorr    .         Harm     .   p - +0 pair of gloves
MR       +....                  (no boots)
Stlth    ..........             (no amulet)
Regen    0.2/turn               e - ring of protection from magic
MPRegen  0.1/turn               (no ring)

@: lethally poisoned (-1 -> -51)
A: retaliatory headbutt, horns 2
a: Depart the Abyss, Bend Space, Renounce Religion


You were on level 4 of the Dungeon.
You worshipped Lugonu.
Lugonu was pleased with you.
You were hungry.

You visited 1 branch of the dungeon, and saw 4 of its levels.
You visited the Abyss 1 time.

You collected 142 gold pieces.

Inventory:

Hand Weapons
 a - a +1 hand axe
 f - a +3 war axe of chopping (weapon)
Missiles
 m - 7 javelins (quivered)
Armour
 d - a +1 hat (worn)
 h - a +0 buckler (worn)
 i - a +0 chain mail (worn)
 p - a +0 pair of gloves (worn)
Jewellery
 e - a ring of protection from magic (left hand)
Wands
 n - a wand of paralysis (14/24)
Scrolls
 b - 2 scrolls of identify
 l - 2 scrolls of teleportation
Potions
 g - a potion of ambrosia {unknown}
 j - 6 potions of curing
 q - a potion of brilliance
Comestibles
 c - 2 bread rations
 k - a meat ration
 r - a fruit


   Skills:
 + Level 4.4 Fighting
 + Level 4.1 Axes
 * Level 4.2 Armour
 + Level 1.3 Dodging
 + Level 0.2 Shields
 * Level 2.7 Invocations


You had 4 spell levels left.
You didn't know any spells.

Dungeon Overview and Level Annotations

Branches:
Dungeon (4/15)
 Temple: D:4-7

Altars:
Dithmenos
Trog

Annotations:
D:4 Duvessa


Innate Abilities, Weirdness & Mutations

You reflexively headbutt those who attack you in melee.
You have a pair of horns on your head.


Message History

You feel very sick.
Duvessa hits you with a short sword of venom. x2
Unknown command.
You feel much better.
You feel very sick. Duvessa hits you but does no damage.
You are more poisoned.
Duvessa barely misses you.
Your chain mail prevents you from hitting Duvessa.
Duvessa is severely wounded.
You feel very sick.
Duvessa hits you with a short sword of venom.
Duvessa hits you with a short sword of venom!
You are more poisoned.
You hit Duvessa.
Duvessa is severely wounded.
* * * LOW HITPOINT WARNING * * *
You feel very sick.
Duvessa hits you with a short sword of venom!
You die...

.....# ....#
#...### #.....
#....### #....#..
##..e.#.#
#...@)#.#
#....##.#######
#............)#
#.....#.#..##.# #
#.###.#....#..#.#
#. [.####......#
# .### ###.####
#. #.# # #.#


You could see Duvessa (berserk).

Vanquished Creatures
  Dowan (D:4)
  The ghost of letownia the Insei, a weakling OpTm (D:3)
  An adder (D:3)
  An ooze (D:1)
  2 dart slugs
  4 leopard geckos
  An orc (D:2)
  A ball python (D:2)
  3 giant cockroaches
  5 goblins
  5 hobgoblins
  6 jackals
  4 quokkas
  7 bats
  4 frilled lizards
  5 kobolds
  6 rats
57 creatures vanquished.

Notes
Turn   | Place    | Note
-------+----------+-------------------------------------------
     0 | Abyss:1  | Gargoyl the Minotaur Abyssal Knight began the quest for the Orb.
     0 | Abyss:1  | Reached XP level 1. HP: 19/19 MP: 1/1
    51 | Abyss:2  | Noticed a sixfirhy
    51 | D:1      | Escaped the Abyss
   175 | D:1      | Reached * piety under Lugonu
   393 | D:1      | Reached XP level 2. HP: 27/27 MP: 2/2
  1344 | D:2      | Reached XP level 3. HP: 33/33 MP: 3/3
  1561 | D:2      | Found a bloodstained altar of Trog.
  1596 | D:2      | Reached ** piety under Lugonu
  1951 | D:3      | Reached XP level 4. HP: 40/40 MP: 4/4
  2164 | D:3      | Noticed letownia's ghost (weakling OpTm)
  2172 | D:3      | Killed letownia's ghost
  2299 | D:3      | Found a shadowy altar of Dithmenos.
  2667 | D:4      | Noticed Duvessa
  2667 | D:4      | Noticed Dowan
  2672 | D:4      | Killed Dowan
  2672 | D:4      | Reached XP level 5. HP: 46/47 MP: 4/6
  2680 | D:4      | Slain by Duvessa

Skill      XL: |  1  2  3  4 |
---------------+-------------+-----
Fighting       | 4 |  4.4
Invocations    | 2 |  2.7
Armour         | 3 4 |  4.2
Axes           | 3 4 |  4.1
Dodging        | |  1.3
Shields        | |  0.2

Action                   |  1- 3 |  4- 6 || total
-------------------------+-------+-------++-------
Melee: War axe           |    97 |    37 ||   134
       Headbutt          |     8 |     2 ||    10
Invok: Depart the Abyss  |     1 |       ||     1
  Use: Scroll            |     7 |     3 ||    10
       Potion            |       |     1 ||     1
  Eat: Chunk             |     3 |     2 ||     5
Armor: Chain mail        |   108 |    34 ||   142
       Leather armour    |     1 |       ||     1
Dodge: Dodged            |    69 |    16 ||    85
Block: Buckler           |    21 |     2 ||    23
